TOP OF THE 1ST |
Iowa Oaks batting - Pitching for Evansville Triplets : RHP Randy Pitts
|
Pitching: RHP Randy Pitts
|
|
Batting: LHB Gary Jones
|
0-0: Ball 1-0: Ball 2-0: Called Strike 2-1: Called Strike 2-2: Foul Ball, location: 2F 2-2: Strikes out swinging
|
Batting: RHB Edgar Flores
|
0-0: Ball 1-0: Foul Ball, location: 2F 1-1: Reached on error, E6 (Groundball, 6, EV 90.6 MPH)
|
Batting: LHB Ronald Little
|
0-0: Ball 1-0: Swinging Strike 1-1: Ball 2-1: Ball 3-1: Swinging Strike 3-2: Foul Ball, location: 2F 3-2: 2-RUN HOME RUN (Flyball, 89XD, EV 96.3 MPH), Distance : 390 ft
|
Batting: SHB Mike Turgeon
|
0-0: Ball 1-0: Ground out 4-3 (Groundball, 4, EV 99.4 MPH)
|
Batting: RHB Mark Benson
|
0-0: Called Strike 0-1: Swinging Strike 0-2: Ball 1-2: Foul Ball, location: 2F 1-2: Ball 2-2: Ball 3-2: Ground out 5-3 (Groundball, 56S, EV 94.4 MPH)
|
Top of the 1st over - 2 runs, 1 hit, 1 error, 0 left on base; Iowa 2 - Evansville 0 |
BOTTOM OF THE 1ST |
Evansville Triplets batting - Pitching for Iowa Oaks : RHP Randy Romagna
|
Pitching: RHP Randy Romagna
|
|
Batting: LHB Greg Gross
|
0-0: Foul Ball, location: 2F 0-1: Called Strike 0-2: Ground out 6-3 (Groundball, 6, EV 91.3 MPH)
|
Batting: RHB Cory Mihalic
|
0-0: Called Strike 0-1: Ball 1-1: Ground out U3 (Groundball, 34S, EV 85.0 MPH)
|
Batting: RHB Richard Bass
|
0-0: SINGLE (Line Drive, 34D, EV 96.3 MPH)
|
Batting: RHB Ron Kittle
|
0-0: Called Strike 0-1: Ball 1-1: Ball 2-1: Ball 3-1: Base on Balls Richard Bass to second
|
Batting: SHB Mickey Tettleton
|
0-0: Called Strike 0-1: Foul Ball, location: 2F 0-2: Ball 1-2: Ball 2-2: Foul Ball, location: 2F 2-2: Ball 3-2: Fly out, F8 (Flyball, 8LD, EV 75.0 MPH)
|
Bottom of the 1st over - 0 runs, 1 hit, 0 errors, 2 left on base; Iowa 2 - Evansville 0 |
TOP OF THE 2ND |
Iowa Oaks batting - Pitching for Evansville Triplets : RHP Randy Pitts
|
Batting: LHB Donald Johnson
|
0-0: Ball 1-0: Ball 2-0: Called Strike 2-1: Ground out 6-3 (Groundball, 6M, EV 107.5 MPH)
|
Batting: RHB Jordan Arredondo
|
0-0: Called Strike 0-1: SINGLE (Groundball, 6D, EV 108.1 MPH)
|
Batting: LHB Wayne Krenchicki
|
0-0: Called Strike 0-1: Fielders Choice at 2nd, 4-6 (Groundball, 34, EV 86.3 MPH)
|
Batting: RHB Thomas Vessey
|
0-0: Ball 1-0: Fly out, F1 (Popup, P, EV 78.8 MPH)
|
Top of the 2nd over - 0 runs, 1 hit, 0 errors, 1 left on base; Iowa 2 - Evansville 0 |
BOTTOM OF THE 2ND |
Evansville Triplets batting - Pitching for Iowa Oaks : RHP Randy Romagna
|
Batting: RHB Mike Allen
|
0-0: Swinging Strike 0-1: Ball 1-1: Foul Ball, location: 2F 1-2: Ball 2-2: Ground out 4-3 (Groundball, 4M, EV 90.0 MPH)
|
Batting: LHB Luis Alfaro
|
0-0: Called Strike 0-1: Ball 1-1: Ball 2-1: Ground out 4-3 (Groundball, 34, EV 86.3 MPH)
|
Batting: RHB Ed Jurak
|
0-0: Ball 1-0: Fly out, F4 (Popup, 4D, EV 54.4 MPH)
|
Bottom of the 2nd over - 0 runs, 0 hits, 0 errors, 0 left on base; Iowa 2 - Evansville 0 |
TOP OF THE 3RD |
Iowa Oaks batting - Pitching for Evansville Triplets : RHP Randy Pitts
|
Batting: LHB Gary Jones
|
0-0: Foul Ball, location: 2F 0-1: Called Strike 0-2: Ball 1-2: Ball 2-2: SINGLE (Line Drive, 7S, EV 91.9 MPH)
|
Batting: RHB Edgar Flores
|
0-0: Ball 1-0: Ball 2-0: Called Strike 2-1: Ball 3-1: Swinging Strike 3-2: Strikes out swinging
|
Batting: LHB Ronald Little
|
0-0: Called Strike 0-1: Fly out, F8 (Flyball, 8RM, EV 91.9 MPH)
|
Batting: SHB Mike Turgeon
|
0-0: Ball 1-0: Ball 2-0: Foul Ball, location: 2F 2-1: Called Strike 2-2: Foul Ball, location: 2F 2-2: Strikes out swinging
|
Top of the 3rd over - 0 runs, 1 hit, 0 errors, 1 left on base; Iowa 2 - Evansville 0 |
BOTTOM OF THE 3RD |
Evansville Triplets batting - Pitching for Iowa Oaks : RHP Randy Romagna
|
Batting: RHB Reginald Coleman
|
0-0: Ball 1-0: Called Strike 1-1: Ball 2-1: Foul Ball, location: 2F 2-2: Foul Ball, location: 2F 2-2: Foul Ball, location: 2F 2-2: Ball 3-2: Reached on error, E6 (Groundball, 6, EV 88.1 MPH)
|
Batting: LHB Greg Gross
|
0-0: Ground out 3-1 (Groundball, 23, EV 84.4 MPH) Reginald Coleman to second
|
Batting: RHB Cory Mihalic
|
0-0: Called Strike 0-1: Fly out, F8 (Flyball, 78M, EV 85.0 MPH)
|
Batting: RHB Richard Bass
|
0-0: Called Strike 0-1: Fly out, F6 (Flyball, 56D, EV 85.0 MPH)
|
Bottom of the 3rd over - 0 runs, 0 hits, 1 error, 1 left on base; Iowa 2 - Evansville 0 |
TOP OF THE 4TH |
Iowa Oaks batting - Pitching for Evansville Triplets : RHP Randy Pitts
|
Batting: RHB Mark Benson
|
0-0: Called Strike 0-1: Called Strike 0-2: Ball 1-2: Foul Ball, location: 2F 1-2: Ball 2-2: Foul Ball, location: 2F 2-2: Ground out 6-3 (Groundball, 6, EV 90.0 MPH)
|
Batting: LHB Donald Johnson
|
0-0: Foul Ball, location: 2F 0-1: Foul Ball, location: 2F 0-2: Ball 1-2: Foul Ball, location: 2F 1-2: Strikes out swinging
|
Batting: RHB Jordan Arredondo
|
0-0: Swinging Strike 0-1: Ball 1-1: SINGLE (Flyball, 4D, EV 87.5 MPH)
|
Batting: LHB Wayne Krenchicki
|
0-0: Called Strike 0-1: Ball 1-1: Ball 2-1: Fly out, F9 (Flyball, 9S, EV 93.1 MPH)
|
Top of the 4th over - 0 runs, 1 hit, 0 errors, 1 left on base; Iowa 2 - Evansville 0 |
BOTTOM OF THE 4TH |
Evansville Triplets batting - Pitching for Iowa Oaks : RHP Randy Romagna
|
Batting: RHB Ron Kittle
|
0-0: SINGLE (Line Drive, 6MD, EV 99.4 MPH)
|
Batting: SHB Mickey Tettleton
|
0-0: Ball 1-0: Ball 2-0: Ball 3-0: Called Strike 3-1: Swinging Strike 3-2: DOUBLE (Flyball, 8RXD, EV 91.3 MPH) Ron Kittle to third
|
Batting: RHB Mike Allen
|
0-0: Called Strike 0-1: Called Strike 0-2: Ball 1-2: TRIPLE (Flyball, 89XD, EV 98.1 MPH) Ron Kittle scores Mickey Tettleton scores
|
Batting: LHB Luis Alfaro
|
0-0: Called Strike 0-1: Ball 1-1: Foul Ball, location: 2F 1-2: Ground out U3 (Groundball, 3, EV 105.0 MPH)
|
Batting: RHB Ed Jurak
|
0-0: Called Strike 0-1: Swinging Strike 0-2: Ball 1-2: Ground out 6-3 (Groundball, 56, EV 101.3 MPH) Mike Allen scores
|
Batting: RHB Reginald Coleman
|
0-0: Called Strike 0-1: Ball 1-1: Foul Ball, location: 2F 1-2: Ball 2-2: Foul Ball, location: 2F 2-2: Foul Ball, location: 2F 2-2: Ball 3-2: Foul Ball, location: 2F 3-2: Fly out, F6 (Popup, 6MS, EV 73.8 MPH)
|
Bottom of the 4th over - 3 runs, 3 hits, 0 errors, 0 left on base; Iowa 2 - Evansville 3 |
TOP OF THE 5TH |
Iowa Oaks batting - Pitching for Evansville Triplets : RHP Randy Pitts
|
Batting: RHB Thomas Vessey
|
0-0: Called Strike 0-1: Fly out, F8 (Flyball, 8LM, EV 85.6 MPH)
|
Batting: LHB Gary Jones
|
0-0: Ground out 6-3 (Groundball, 6M, EV 99.4 MPH)
|
Batting: RHB Edgar Flores
|
0-0: Ball 1-0: Ball 2-0: Foul Ball, location: 2F 2-1: Swinging Strike 2-2: Strikes out swinging
|
Top of the 5th over - 0 runs, 0 hits, 0 errors, 0 left on base; Iowa 2 - Evansville 3 |
BOTTOM OF THE 5TH |
Evansville Triplets batting - Pitching for Iowa Oaks : RHP Randy Romagna
|
Batting: LHB Greg Gross
|
0-0: Called Strike 0-1: Fly out, F7 (Flyball, 7LM, EV 106.3 MPH)
|
Batting: RHB Cory Mihalic
|
0-0: Called Strike 0-1: Ball 1-1: Ground out 5-3 (Groundball, 56S, EV 63.1 MPH)
|
Batting: RHB Richard Bass
|
0-0: Ball 1-0: Ball 2-0: Ball 3-0: Called Strike 3-1: SINGLE (Groundball, 4MD, EV 100.0 MPH)
|
Batting: RHB Ron Kittle
|
0-0: Ball Richard Bass steals 2nd base 1-0: Foul Ball, location: 2F 1-1: Called Strike 1-2: Ball 2-2: Fly out, F3 (Line Drive, 3, EV 68.8 MPH)
|
Bottom of the 5th over - 0 runs, 1 hit, 0 errors, 1 left on base; Iowa 2 - Evansville 3 |
TOP OF THE 6TH |
Iowa Oaks batting - Pitching for Evansville Triplets : RHP Randy Pitts
|
Batting: LHB Ronald Little
|
0-0: Foul Ball, location: 2F 0-1: Ground out U3 (Groundball, 34, EV 83.8 MPH)
|
Batting: SHB Mike Turgeon
|
0-0: Foul Ball, location: 2F 0-1: Ball 1-1: Ball 2-1: Foul Ball, location: 2F 2-2: Foul Ball, location: 2F 2-2: Foul Ball, location: 2F 2-2: SOLO HOME RUN (Flyball, 9LD, EV 100.0 MPH), Distance : 346 ft
|
Batting: RHB Mark Benson
|
0-0: Foul Ball, location: 2F 0-1: Foul Ball, location: 2F 0-2: Foul Ball, location: 2F 0-2: Ball 1-2: Ball 2-2: Foul Ball, location: 2F 2-2: Ball 3-2: Fly out, F7 (Flyball, 7D, EV 100.0 MPH)
|
Batting: LHB Donald Johnson
|
0-0: SINGLE (Line Drive, 34D, EV 95.0 MPH)
|
Batting: RHB Jordan Arredondo
|
0-0: Ball Wild Pitch! Donald Johnson to second 1-0: Ball 2-0: Foul Ball, location: 2F 2-1: Foul Ball, location: 2F 2-2: Ground out 6-3 (Groundball, P, EV 89.4 MPH)
|
Top of the 6th over - 1 run, 2 hits, 0 errors, 1 left on base; Iowa 3 - Evansville 3 |
BOTTOM OF THE 6TH |
Evansville Triplets batting - Pitching for Iowa Oaks : RHP Randy Romagna
|
Batting: SHB Mickey Tettleton
|
0-0: Foul Ball, location: 2F 0-1: Ball 1-1: Foul Ball, location: 2F 1-2: Foul Ball, location: 2F 1-2: Ground out U3 (Groundball, 3L, EV 98.1 MPH)
|
Batting: RHB Mike Allen
|
0-0: Ball 1-0: Swinging Strike 1-1: Ball 2-1: Ball 3-1: Swinging Strike 3-2: Strikes out swinging
|
Batting: LHB Luis Alfaro
|
0-0: Ball 1-0: Ball 2-0: Called Strike 2-1: Ball 3-1: Base on Balls
|
Batting: RHB Ed Jurak
|
0-0: Called Strike 0-1: Swinging Strike 0-2: Ball 1-2: Ball 2-2: Foul Ball, location: 2F 2-2: Foul Ball, location: 2F 2-2: Ground out 4-3 (Groundball, 4, EV 100.0 MPH)
|
Bottom of the 6th over - 0 runs, 0 hits, 0 errors, 1 left on base; Iowa 3 - Evansville 3 |
TOP OF THE 7TH |
Iowa Oaks batting - Pitching for Evansville Triplets : RHP Randy Pitts
|
Pitching: RHP Gordie Pladson
|
|
Batting: LHB Wayne Krenchicki
|
0-0: Ball 1-0: Called Strike 1-1: Ball 2-1: Called Strike 2-2: Ground out 4-3 (Groundball, 4D, EV 107.5 MPH)
|
Batting: RHB Thomas Vessey
|
0-0: Ball 1-0: Called Strike 1-1: Swinging Strike 1-2: Foul Ball, location: 2F 1-2: Strikes out swinging
|
Batting: LHB Gary Jones
|
0-0: Foul Ball, location: 2F 0-1: Foul Ball, location: 2F 0-2: Foul Ball, location: 2F 0-2: Ball 1-2: Ground out 5-3 (Groundball, 56, EV 105.6 MPH)
|
Top of the 7th over - 0 runs, 0 hits, 0 errors, 0 left on base; Iowa 3 - Evansville 3 |
BOTTOM OF THE 7TH |
Evansville Triplets batting - Pitching for Iowa Oaks : RHP Randy Romagna
|
Batting: RHB Reginald Coleman
|
0-0: Ball 1-0: Foul Ball, location: 2F 1-1: Called Strike 1-2: Foul Ball, location: 2F 1-2: Foul Ball, location: 2F 1-2: Ball 2-2: Strikes out swinging
|
Batting: LHB Greg Gross
|
0-0: Swinging Strike 0-1: Ball 1-1: SINGLE (Line Drive, 9S, EV 110.6 MPH)
|
Batting: RHB Cory Mihalic
|
0-0: Ball 1-0: Ball 2-0: Foul Ball, location: 2F 2-1: DOUBLE (Line Drive, 9LS, EV 98.1 MPH) Greg Gross to third
|
Batting: RHB Richard Bass
|
0-0: Ball 1-0: Fly out, F5 (Popup, 56S, EV 82.5 MPH)
|
Batting: RHB Ron Kittle
|
0-0: Called Strike 0-1: Ball 1-1: Foul Ball, location: 2F 1-2: Foul Ball, location: 2F 1-2: Ball 2-2: Strikes out looking
|
Bottom of the 7th over - 0 runs, 2 hits, 0 errors, 2 left on base; Iowa 3 - Evansville 3 |
TOP OF THE 8TH |
Iowa Oaks batting - Pitching for Evansville Triplets : RHP Gordie Pladson
|
Pitching: LHP Randy Niemann
|
|
Batting: RHB Edgar Flores
|
0-0: Ball 1-0: Foul Ball, location: 2F 1-1: SINGLE (Flyball, 8RS, EV 93.8 MPH)
|
Batting: LHB Ronald Little
|
0-0: Ball 1-0: Called Strike 1-1: Hit by Pitch Edgar Flores to second
|
Batting: SHB Mike Turgeon
|
0-0: Ball 1-0: Swinging Strike 1-1: Fly out, F8 (Flyball, 8LD, EV 95.6 MPH)
|
Batting: RHB Mark Benson
|
0-0: Called Strike 0-1: Ball 1-1: Ball 2-1: Ball 3-1: Called Strike 3-2: Base on Balls Edgar Flores to third Ronald Little to second
|
Batting: LHB Donald Johnson
|
0-0: Ball 1-0: Called Strike 1-1: Ball 2-1: Foul Ball, location: 2F 2-2: Foul Ball, location: 2F 2-2: Ball 3-2: Fly out, F5 (Popup, 56S, EV 79.4 MPH)
|
Batting: RHB Jordan Arredondo
|
0-0: Foul Ball, location: 2F 0-1: Swinging Strike 0-2: Ball 1-2: Ground out 1-3 (Groundball, 15, EV 72.5 MPH)
|
Top of the 8th over - 0 runs, 1 hit, 0 errors, 3 left on base; Iowa 3 - Evansville 3 |
BOTTOM OF THE 8TH |
Evansville Triplets batting - Pitching for Iowa Oaks : RHP Randy Romagna
|
Batting: SHB Mickey Tettleton
|
0-0: Ball 1-0: Foul Ball, location: 2F 1-1: Ball 2-1: Swinging Strike 2-2: Ball 3-2: Base on Balls
|
Batting: RHB Mike Allen
|
0-0: Ball 1-0: Bunt missed! 1-1: Bunted foul 1-2: Ball 2-2: Ball 3-2: SINGLE (Groundball, 4MD, EV 91.3 MPH) (infield hit) Mickey Tettleton to second
|
Batting: LHB Luis Alfaro
|
0-0: Sac Bunt to 23 - play at first, batter OUT! 3-4 Mickey Tettleton to third Mike Allen to second
|
Batting: RHB Ed Jurak
|
0-0: Ball 1-0: Foul Ball, location: 2F 1-1: Foul Ball, location: 2F 1-2: Ground out 5-3 (Groundball, 56S, EV 68.8 MPH)
|
Batting: RHB Reginald Coleman
|
0-0: Ball 1-0: Ground out U3 (Groundball, 3L, EV 100.6 MPH)
|
Bottom of the 8th over - 0 runs, 1 hit, 0 errors, 2 left on base; Iowa 3 - Evansville 3 |
TOP OF THE 9TH |
Iowa Oaks batting - Pitching for Evansville Triplets : LHP Randy Niemann
|
Pinch Hitting: RHB Mike Richardt
|
0-0: Fly out, F3 (Popup, 3F, EV 53.1 MPH)
|
Batting: RHB Thomas Vessey
|
0-0: Ball 1-0: Foul Ball, location: 2F 1-1: Fly out, F3 (Line Drive, 3, EV 74.4 MPH)
|
Batting: LHB Gary Jones
|
0-0: Foul Ball, location: 2F 0-1: Ball 1-1: Ground out 1-3 (Groundball, P, EV 70.6 MPH)
|
Top of the 9th over - 0 runs, 0 hits, 0 errors, 0 left on base; Iowa 3 - Evansville 3 |
BOTTOM OF THE 9TH |
Evansville Triplets batting - Pitching for Iowa Oaks : RHP Randy Romagna
|
Now at 2B: Mike Richardt
|
|
Batting: LHB Greg Gross
|
0-0: Called Strike 0-1: Swinging Strike 0-2: SINGLE (Groundball, 3S, EV 68.1 MPH) (infield hit)
|
Batting: RHB Cory Mihalic
|
0-0: Ball 1-0: Ball 2-0: Bunt missed! 2-1: Sac Bunt to 2R - play at first, batter OUT! 2-4 Greg Gross to second
|
Batting: RHB Richard Bass
|
0-0: Ball 1-0: Ball 2-0: Reached on error, E5 (Flyball, 5D, EV 88.1 MPH) Greg Gross to third
|
Batting: RHB Ron Kittle
|
0-0: Ball 1-0: Called Strike Richard Bass steals 2nd base (no throw) 1-1: Swinging Strike 1-2: Ball 2-2: Ball 3-2: Foul Ball, location: 2F 3-2: Ground out U3 (Groundball, 34S, EV 90.0 MPH)
|
Batting: SHB Mickey Tettleton
|
0-0: Intentional Walk
|
Pitching: RHP Sergio Peralta
|
|
Batting: RHB Mike Allen
|
0-0: Ground out 1-3 (Groundball, 13S, EV 73.8 MPH)
|
Bottom of the 9th over - 0 runs, 1 hit, 1 error, 3 left on base; Iowa 3 - Evansville 3 |
TOP OF THE 10TH |
Iowa Oaks batting - Pitching for Evansville Triplets : LHP Randy Niemann
|
Pitching: RHP Geoff Combe
|
|
Batting: RHB Edgar Flores
|
0-0: Ball 1-0: Ball 2-0: Foul Ball, location: 2F 2-1: Called Strike 2-2: Fly out, F8 (Flyball, 8RM, EV 81.3 MPH)
|
Batting: LHB Ronald Little
|
0-0: Fly out, F7 (Flyball, 8LM, EV 71.3 MPH)
|
Batting: SHB Mike Turgeon
|
0-0: Swinging Strike 0-1: Foul Ball, location: 2F 0-2: Ball 1-2: Strikes out looking
|
Top of the 10th over - 0 runs, 0 hits, 0 errors, 0 left on base; Iowa 3 - Evansville 3 |
BOTTOM OF THE 10TH |
Evansville Triplets batting - Pitching for Iowa Oaks : RHP Sergio Peralta
|
Pitching: RHP DeWayne Buice
|
|
Batting: LHB Luis Alfaro
|
0-0: Ball 1-0: Swinging Strike 1-1: Fly out, F9 (Flyball, 9D, EV 107.5 MPH)
|
Batting: RHB Ed Jurak
|
0-0: SINGLE (Line Drive, 9S, EV 91.3 MPH)
|
Pinch Hitting: RHB Ed Putman
|
0-0: Ball 1-0: Fly out, F3 (Popup, 34S, EV 75.6 MPH)
|
Batting: LHB Greg Gross
|
0-0: Swinging Strike 0-1: Ball 1-1: Called Strike 1-2: Ground out 3-1 (Groundball, 34S, EV 85.6 MPH)
|
Bottom of the 10th over - 0 runs, 1 hit, 0 errors, 1 left on base; Iowa 3 - Evansville 3 |
TOP OF THE 11TH |
Iowa Oaks batting - Pitching for Evansville Triplets : RHP Geoff Combe
|
Now at 1B: Ed Putman
|
|
Batting: RHB Mark Benson
|
0-0: Ground out 4-3 (Groundball, 34, EV 94.4 MPH)
|
Batting: LHB Donald Johnson
|
0-0: Ball 1-0: Called Strike 1-1: Fly out, F8 (Flyball, 8RD, EV 99.4 MPH)
|
Batting: RHB Jordan Arredondo
|
0-0: Called Strike 0-1: Foul Ball, location: 2F 0-2: Ball 1-2: Ball 2-2: Foul Ball, location: 2F 2-2: Foul Ball, location: 2F 2-2: Strikes out swinging
|
Top of the 11th over - 0 runs, 0 hits, 0 errors, 0 left on base; Iowa 3 - Evansville 3 |
BOTTOM OF THE 11TH |
Evansville Triplets batting - Pitching for Iowa Oaks : RHP DeWayne Buice
|
Batting: RHB Cory Mihalic
|
0-0: Called Strike 0-1: Ball 1-1: Ground out 6-3 (Groundball, 6, EV 103.8 MPH)
|
Batting: RHB Richard Bass
|
0-0: Called Strike 0-1: SOLO HOME RUN (Flyball, 7D, EV 91.9 MPH), Distance : 374 ft
|
Bottom of the 11th over - 1 run, 1 hit, 0 errors, 0 left on base; Iowa 3 - Evansville 4 |
|